 Dungeon Crawl Stone Soup: Circus Animals version 1.7-37-g2c94cca (webtiles) character file.

666 DarthKuruptios the Firebug (level 8, 0/82 (111) HPs) *STANDARD*
             Began as a Lava Orc Fire Elementalist on Aug 26, 2016.
             Was an Elder of Vehumet.
             Engulfed by a cloud of flame (8 damage)
             ... on level 7 of the Dungeon.
             The game lasted 01:02:30 (8027 turns).

DarthKuruptios the Firebug (LOFE)                   Turns: 8027, Time: 01:02:31

HP:   0/82 (111)    AC:  6    Str: 10    XL:     8   Next: 3%
MP:   15/100        EV: 13    Int: 16    God:    Vehumet [****..]
Gold: 1032          SH:  3    Dex: 13    Spells: 2 memorised, 9 levels left

rFire  + + +     rPois    +     e - +0 whip
rCold  x . .     rElec    +     a - +1 robe
rNeg   . . .     rCorr    +     (no shield) MagicSh . . . SeeInvis .
                                f - +0 helmet StaminaSh . . . Faith .
                                d - +0 cloak RegenHP +++.......
SustAt .                        c - +0 pair of gloves RegenSP +++....... Dismiss .
                                (no boots) RegenMP +++....... Reflect +
                                b - +3 amulet of reflection
MR     .....     Harm     .     j - ring of flight
Stlth  ++........               g - ring of fire

@: resistant, very slightly contaminated, drained, not resistant to hostile
enchantments, unstealthy
A: no striking features
a: Renounce Religion, Evoke Flight


You were on level 7 of the Dungeon.
You worshipped Vehumet.
Vehumet was greatly pleased with you.
You were not hungry.

You visited 1 branch of the dungeon, and saw 7 of its levels.

You collected 1032 gold pieces.

Inventory:

Hand Weapons
 e - a +0 whip (weapon)
Armour
 a - a +1 robe (worn)
 c - a +0 pair of gloves (worn)
 d - a +0 cloak (worn)
 f - a +0 helmet (worn)
 h - a +0 chain mail
 m - a +0 scale mail
Jewellery
 b - a +3 amulet of reflection (around neck)
 g - a ring of fire (left hand)
 i - an uncursed ring of protection from cold
 j - a ring of flight (right hand)
Wands
 k - a wand of slowing (19/48)
 l - a wand of disintegration (5/24)
Scrolls
 f - 4 scrolls of noise
 k - a scroll of immolation
 n - a scroll of recharging
 p - 3 scrolls of fear
 t - a scroll of amnesia
 u - a scroll of enchant armour
 w - a scroll of identify
Potions
 c - 8 potions of stamina
 d - 5 potions of magic
 e - a potion of resistance
 g - a potion of agility {unknown}
 h - 3 potions of brilliance {unknown}
 i - 2 potions of might
 j - a potion of degeneration {unknown}
 l - 2 potions of invisibility {unknown}
 m - a potion of mutation {unknown}
 o - 3 potions of curing {unknown}
 q - 2 potions of berserk rage {unknown}
 r - 2 potions of flight {unknown}
 s - a potion of lignification {unknown}
 v - a potion of cure mutation {unknown}
Books
 a - a book of Flames

   Spells                             Type                      Level
   a - Flame Tongue                   Fire                         1
   b - Conjure Flame                  Conjuration/Fire             3
   c - Inner Flame                    Hexes/Fire/Time              3
   d - Sticky Flame                   Conjuration/Fire/Time        4
   e - Fireball                       Conjuration/Fire/Light       5
   f - Bolt of Magma                  Conjuration/Fire/Earth       5
 b - a book of Darkness

   Spells                             Type                      Level
   a - Confusing Touch                Darkness                     1
   b - Call Imp                       Summoning/Darkness           2
   c - Confuse                        Hexes/Darkness               3
   d - Cause Fear                     Hexes/Darkness               4
   e - Summon Demon                   Summoning/Darkness           5
   f - Agony                          Hexes/Necromancy/Darkness    5
   g - Silence                        Hexes/Air/Darkness           5


   Skills:
 + Level 1.5(0.8) Fighting
 + Level 1.4(0.7) Maces & Flails
 - Level 3.0(2.3) Dodging
 - Level 1.7(1.0) Stealth
 * Level 4.1(3.4) Spellcasting
 * Level 1.1(0.4) Conjurations
 * Level 6.5(5.7) Fire Magic
 * Level 2.0(1.3) Light Magic


You had 9 spell levels left.
You knew the following spells:

 Your Spells              Type           Power        Failure   Level  Hunger
a - Flame Tongue          Fire           #.........   6%          1    ##.....
 b -                      Fireball       Conj/Fire/Light#......... 59%         5    ####...


Dungeon Overview and Level Annotations

Branches:
Dungeon (7/7)
   Lair: D:7

Altars:
Ashenzari
Cheibriados
Fedhas
Pakellas
Trog
Vehumet
Xom
Yredelemnul

Shops:
D:7 (


Message History

The orc throws a silver tomahawk.
The silver tomahawk completely misses you.
You feel protected.
You are engulfed in roaring flames.
You resist. (hp-3)
* * * LOW HITPOINT WARNING * * *; The orc throws a silver tomahawk.
You reflect the silver tomahawk off an invisible shield around you!
The silver tomahawk hits the orc. (mon hp-2)
You feel a strong surge of power!
The flame tongue hits the orc priest. (mon hp-29)
You kill the orc priest!
Vehumet accepts your kill.
You feel your power returning.
You're cooling off.
You are engulfed in roaring flames.
You resist. (hp-3)
* * * LOW HITPOINT WARNING * * *; The orc throws a silver tomahawk.
The silver tomahawk hits you. (hp-6) Damage (6) was greater than 30% of your hp (8)!!!
* * * LOW HITPOINT WARNING * * *
Unknown command.
You feel a strong surge of power!
The flame tongue hits the orc. (mon hp-37)
You kill the orc!
Vehumet accepts your kill.
You feel your power returning.
You are engulfed in roaring flames.
You resist. (hp-8)
You die...

.# #...# ... . .. #...#
#.##. .
#.####...#######.#..
...##........[....##.#..
....................#.#
. ..................)#.#
...#).####......####....
.†.§§§#§§§)...### ##..#
..)§§§§@#....## ##)#
..#§§§###....# #.) ##§
##...# #.# # ##.## #.^
#.# #.. $# #.# .# #)#
#.# #..


There were no monsters in sight!

Vanquished Creatures
  A komodo dragon (D:6)
  A hippogriff (D:5)
  A black bear (D:6)
  2 phantoms
  2 ice beasts
  Menkaure (D:5)
  A necrophage (D:7)
  A sky beast (D:5)
  7 ogres
  3 orc warriors
  3 centaurs
  6 giant frogs
  3 scorpions (D:5)
  A howler monkey (D:7)
  6 wights (D:7)
  2 crimson imps (D:5)
  3 giant frog skeletons
  A giant frog zombie (D:5)
  A jelly (D:7)
  2 centaur skeletons
  2 hounds
  An iguana (D:4)
  8 orc priests
  6 orc wizards
  6 worker ants
  A killer bee zombie (D:6)
  A hound skeleton (D:6)
  A hound zombie (D:5)
  3 dart slugs (D:2)
  Robin (D:3)
  4 giant geckos
  3 oozes
  37 orcs
  4 worms
  12 adders
  3 ball pythons
  12 giant cockroaches
  6 gnolls
  11 goblins
  13 hobgoblins
  19 jackals
  12 kobolds
  6 quokkas
  5 shadow imps
  2 adder skeletons
  An adder zombie (D:5)
  14 bats
  A giant gecko zombie (D:6)
  8 giant newts
  A jackal zombie (D:3)
  2 quokka skeletons (D:6)
  13 rats
267 creatures vanquished.

Vanquished Creatures (others)
  A centaur (D:5)
1 creature vanquished.

Grand Total: 268 creatures vanquished

Notes
Turn   | Place    | Note
-------+----------+-------------------------------------------
     0 | D:1      | DarthKuruptios the Lava Orc Fire Elementalist began the quest for the Orb.
     0 | D:1      | Reached XP level 1. HP: 34/34 MP: 100/100
    64 | D:1      | Reached skill level 1 in Stealth
  1109 | D:2      | Found a snail-covered altar of Cheibriados.
  1134 | D:2      | Reached XP level 2. HP: 38/45 MP: 63/100
  1406 | D:2      | Reached XP level 3. HP: 56/56 MP: 86/100
  1598 | D:2      | Found a shattered altar of Ashenzari.
  1624 | D:2      | Found a basalt altar of Yredelemnul.
  1792 | D:2      | Found a bloodstained altar of Trog.
  2231 | D:3      | Reached skill level 4 in Fire Magic
  2389 | D:3      | Reached XP level 4. HP: 67/67 MP: 87/100
  2664 | D:3      | Noticed Robin
  2674 | D:3      | Killed Robin
  3404 | D:4      | Found a shimmering altar of Xom.
  3422 | D:4      | Found a blossoming altar of Fedhas.
  3433 | D:4      | Reached skill level 1 in Fighting
  3459 | D:4      | Found a radiant altar of Vehumet.
  3496 | D:4      | Reached XP level 5. HP: 78/78 MP: 89/100
  3531 | D:4      | Became a worshipper of Vehumet
  3625 | D:4      | Reached skill level 1 in Maces & Flails
  3668 | D:4      | Learned a level 5 spell: Fireball
  3684 | D:4      | Reached * piety under Vehumet
  3684 | D:4      | Offered knowledge of Magic Dart by Vehumet.
  4009 | D:5      | Entered Level 5 of the Dungeon
  4117 | D:5      | Reached skill level 5 in Fire Magic
  4117 | D:5      | Reached XP level 6. HP: 80/89 MP: 89/100
  4144 | D:5      | Noticed Menkaure
  4145 | D:5      | Killed Menkaure
  4414 | D:5      | Reached ** piety under Vehumet
  4420 | D:5      | Offered knowledge of Sandblast by Vehumet.
  4517 | D:5      | Reached skill level 1 in Light Magic
  5249 | D:5      | Reached XP level 7. HP: 39/71 MP: 54/100
  5767 | D:6      | Offered knowledge of Static Discharge by Vehumet.
  5770 | D:6      | Noticed a komodo dragon
  6447 | D:6      | Reached *** piety under Vehumet
  6471 | D:6      | Reached skill level 6 in Fire Magic
  6506 | D:6      | Found an oddly glowing altar of Pakellas.
  6830 | D:6      | Killed a komodo dragon
  6939 | D:6      | Offered knowledge of Throw Icicle by Vehumet.
  7716 | D:6      | Reached **** piety under Vehumet
  7854 | D:7      | Entered Level 7 of the Dungeon
  7854 | D:7      | Found Idiruwet's Weapon Shoppe.
  8010 | D:7      | Offered knowledge of Ignite Poison by Vehumet.
  8024 | D:7      | Reached XP level 8. HP: 40/82 MP: 6/100
  8026 | D:7      | HP: 8/82 [orc/silver tomahawk (6)]
  8027 | D:7      | Engulfed by a cloud of flame

Skill      XL: |  1  2  3  4  5  6  7 |
---------------+----------------------+-----
Stealth        | 1 |  1.7
Fire Magic     | 4 5 6 |  6.5
Dodging        | 3 |  3.0
Fighting       | 1 |  1.5
Maces & Flails | 1 |  1.4
Spellcasting   | 3 4 |  4.1
Light Magic    | 1 2 |  2.0
Conjurations   | |  1.1

Action                   |  1- 3 |  4- 6 |  7- 9 || total
-------------------------+-------+-------+-------++-------
Melee: Unarmed           |     6 |     4 |       ||    10
       Whip              |       |   498 |     1 ||   499
Throw: Stone             |       |    10 |     1 ||    11
 Cast: Flame Tongue      |   129 |   229 |   134 ||   492
       Fireball          |       |       |     5 ||     5
  Use: Scroll            |     8 |     5 |     4 ||    17
       Potion            |       |    11 |     1 ||    12
Armor: Robe              |    31 |   215 |    25 ||   271
Dodge: Dodged            |    87 |   493 |    82 ||   662
Block: Other             |    18 |    99 |    30 ||   147
       Reflection        |     1 |     2 |     2 ||     5
